 Dungeon Crawl Stone Soup version 0.19-a0-866-ga8d832c (webtiles) character file.

31307 Arkorax the Fighter (level 13, -3/123 HPs)
             Began as a Yellow Draconian Gladiator on July 3, 2016.
             Was the Champion of Cheibriados.
             Slain by a 13-headed hydra (15 damage)
             ... on level 5 of the Lair of Beasts.
             The game lasted 00:21:23 (18329 turns).

Arkorax the Fighter (Yellow Draconian Gladiator)   Turns: 18329, Time: 00:21:23

Health: -3/123     AC: 10    Str: 34    XL:     13   Next: 25%
Magic:  13/13      EV: 23    Int: 29    God:    Cheibriados [******]
Gold:   906        SH: 11    Dex: 31    Spells: 0 memorised, 12 levels left

rFire  + . .     SeeInvis .     A - +8 war axe of Hucav {freeze, Int+6}
rCold  + . .     Gourm    .     (armour unavailable)
rNeg   . . .     Faith    .     T - +2 buckler
rPois  +         Spirit   .     N - +1 hat
rElec  .         Dismiss  .     E - +0 cloak
rCorr  +         Reflect  .     (no gloves)
SustAt .         Harm     .     (no boots)
MR     +....                    (no amulet)
Stlth  +++.......               D - ring "Qufam" {rPois rC+}
                                Q - ring "Ugoi" {rF+ MR+}

@: very slow, somewhat resistant to hostile enchantments, fairly stealthy
A: spit acid, acid resistance, unfitting armour, cold-blooded, AC +8
a: Spit Acid, Bend Time, Temporal Distortion, Slouch, Step From Time, Renounce
Religion


You were on level 5 of the Lair of Beasts.
You worshipped Cheibriados.
Cheibriados was exalted by your worship.
You were not hungry.

You visited 2 branches of the dungeon, and saw 16 of its levels.
You also visited: Labyrinth.

You collected 906 gold pieces.

Inventory:

Hand Weapons
 A - the +8 war axe of Hucav (weapon) {freeze, Int+6}
   (You found it on level 2 of the Lair of Beasts)

   It has been specially enchanted to freeze those struck by it, causing extra
   injury to most foes and up to half again as much damage against particularly
   susceptible opponents.
   It can also slow down cold-blooded creatures.
   It affects your intelligence (+6).
Missiles
 c - 6 throwing nets (quivered)
Armour
 E - a +0 cloak (worn)
 L - a +0 shield
 N - a +1 hat (worn)
 T - a +2 buckler (worn)
Rods
 e - a +5 rod of ignition (14/14)
   (You found it in a labyrinth)
 g - a +8 iron rod (9/9)
   (You found it in a labyrinth)
 l - a +3 lightning rod (14/14)
   (You found it in a labyrinth)
Jewellery
 v - an uncursed ring of protection from cold {unknown}
 y - an uncursed ring of protection from magic
 D - the ring "Qufam" (right hand) {rPois rC+}
   (You found it on level 7 of the Dungeon)

   [ring of protection from cold]

   It protects you from cold.
   It protects you from poison.
 Q - the ring "Ugoi" (left hand) {rF+ MR+}
   (You found it in a labyrinth)

   [ring of protection from fire]

   It protects you from fire.
   It affects your resistance to hostile enchantments.
Wands
 i - a wand of polymorph (10/24)
 m - a wand of iceblast (5/15)
 r - a wand of iceblast (5/15)
 B - a wand of flame (30/48)
 F - a wand of heal wounds (7/9)
 H - a wand of slowing (32/48)
 P - a wand of iceblast (0/15)
 V - a wand of polymorph (10/24)
 X - a wand of iceblast (7/15)
Scrolls
 k - 4 scrolls of enchant weapon
 o - 8 scrolls of remove curse
 q - 6 scrolls of enchant armour
 x - 2 scrolls of recharging
 C - 3 scrolls of fog
 J - 2 scrolls of identify
 K - a scroll of brand weapon {unknown}
 U - a scroll of teleportation
Potions
 a - a potion of beneficial mutation {unknown}
 b - 13 potions of degeneration
 p - 2 potions of brilliance
 t - 2 potions of heal wounds
 u - 4 potions of curing
 w - a potion of berserk rage
 z - 2 potions of mutation
 G - a potion of agility
 I - a potion of might
 M - a potion of resistance
 O - 4 potions of flight
 W - a potion of lignification {unknown}
Books
 R - a Grand Grimoire

   Spells                             Type                      Level
   a - Monstrous Menagerie            Summoning                    7
   b - Summon Greater Demon           Summoning                    7
   c - Malign Gateway                 Summoning/Translocation      7
   d - Summon Horrible Things         Summoning                    8
 S - a book of Enchantments

   Spells                             Type                      Level
   a - Cause Fear                     Hexes                        4
   b - Yara's Violent Unravelling     Hexes/Transmutation          5
   c - Silence                        Hexes/Air                    5
   d - Deflect Missiles               Charms/Air                   6
   e - Haste                          Charms                       6
   f - Discord                        Hexes                        8
Comestibles
 d - 3 bread rations
 f - 6 beef jerkies
 h - 2 royal jellies
 j - 4 meat rations
 n - 27 fruits
 s - 12 slices of pizza


   Skills:
 * Level 13.7 Fighting
 * Level 6.3(9.8) Axes
   Level 11.5(12.1) Polearms
 - Level 1.7 Throwing
 - Level 9.7 Dodging
 * Level 9.7 Shields


You had 12 spell levels left.
You didn't know any spells.

Dungeon Overview and Level Annotations

Branches:
Dungeon (11/15)            Temple (0/1) D:6            Lair (5/6) D:8
  Swamp (0/4) Lair:4        Snake (0/4) Lair:2          Orc (0/2) D:10
  Slime: Lair:5-6

Altars:
Ashenzari
Cheibriados
Dithmenos
Fedhas
Gozag
Nemelex Xobeh
Okawaru
Trog
Uskayaw
Vehumet
The Shining One

Shops:
D:5 (

Annotations:
D:2 1 exclusion
D:11 Ylmarch's ghost, journeyman DsNe
Lair:5 exclusion: oklob plant


Innate Abilities, Weirdness & Mutations

You can spit globs of acid.
You are resistant to acid.
Your golden yellow scales are hard. (AC +8)
Your body does not fit into most forms of armour.
You are cold-blooded and may be slowed by cold attacks.


Message History

The 12-headed hydra bites you! The 12-headed hydra misses you.
The yak barely misses you.
Unknown command.
You lop one of the 12-headed hydra's heads off!
The 11-headed hydra grows two more!
You slash the 13-headed hydra! You freeze the 13-headed hydra.
The 13-headed hydra is almost dead.
You slash the yak! You freeze the yak. You hit the yak. You freeze the yak.
You barely miss the yak. The yak gores you!
* * * LOW HITPOINT WARNING * * *
The yak completely misses you. You block the yak's attack.
The 13-headed hydra bites you but does no damage.
The 13-headed hydra bites you!
* * * LOW HITPOINT WARNING * * *
You block the 13-headed hydra's attack. The 13-headed hydra bites you!
* * * LOW HITPOINT WARNING * * *
The 13-headed hydra bites you.
* * * LOW HITPOINT WARNING * * *
The 13-headed hydra misses you. The 13-headed hydra bites you!
You die...

............##
............#
...........## ##
..........## #.
......P....# . .
....#P...### .# ...
....##....# ###.#...#
#.........# ####YY....#
##.......## #P..@Y....#
#.........###...lD.....#
##......................
#.P.....P......?........
#....#..###.............
#..#######.#............
....# ##.............
...### #.............
###..# ##.........


You could see a 13-headed hydra, 3 yaks and a basilisk.

Vanquished Creatures
  A minotaur (Lab)
  Harold (Lair:2)
  4 hydras
  An unseen horror (Lab)
  A hill giant (D:10)
  3 griffons
  A cyclops (D:9)
  An ugly thing (D:11)
  A manticore (D:11)
  Joseph (D:8)
  10 spiny frogs
  2 gargoyles
  A rime drake (Lair:2)
  7 komodo dragons
  7 polar bears (Lair:3)
  A two-headed ogre (D:8)
  5 blink frogs (Lair:4)
  Prince Ribbit (D:7)
  19 yaks
  5 wyverns
  A basilisk (Lair:3)
  A human (D:7)
  Eustachio (D:5)
  A hungry ghost (D:7)
  A steam dragon (D:8)
  A hippogriff (Lair:5)
  A hog (D:7)
  6 nagas (Lair:2)
  6 porcupines
  7 water moccasins
  A swamp drake (D:10)
  6 orc warriors
  2 ice beasts
  10 black bears
  2 sky beasts
  7 ogres
  A phantom (D:10)
  9 wolves (Lair:4)
  2 necrophages (D:8)
  An eye of draining (D:8)
  2 crocodiles (Lair:3)
  9 centaurs
  3 big kobolds
  10 giant frogs
  An earth elemental (Lab)
  A gnoll sergeant (D:10)
  2 wyvern zombies
  2 scorpions
  2 troll skeletons (Lab)
  10 wights
  3 howler monkeys
  3 crimson imps
  A giant frog zombie (D:5)
  2 quasits
  5 hounds
  2 centaur zombies
  A giant frog skeleton (D:8)
  2 jellies
  12 orc wizards
  8 orc priests
  14 iguanas
  12 worker ants
  3 sheep (D:7)
  A hound skeleton (D:7)
  12 gnolls
  10 adders
  54 river rats
  A shadow imp (D:8)
  An ooze (D:2)
  4 worms
  4 giant geckos
  44 orcs
  A ball python (D:3)
  6 giant cockroaches
  39 goblins
  25 hobgoblins
  15 jackals
  16 kobolds
  4 quokkas
  8 bats
  5 giant newts
  A quokka skeleton (D:4)
  9 rats
  A butterfly (Lair:5)
  4 fungi
  4 plants
519 creatures vanquished.

Vanquished Creatures (others)
  3 fungi
  5 plants
8 creatures vanquished.

Grand Total: 527 creatures vanquished

Notes
Turn   | Place    | Note
-------+----------+-------------------------------------------
     0 | D:1      | Arkorax the Draconian Gladiator began the quest for the Orb.
     0 | D:1      | Reached XP level 1. HP: 17/17 MP: 1/1
   279 | D:1      | Reached XP level 2. HP: 25/25 MP: 2/2
   417 | D:1      | Reached skill level 3 in Fighting
   622 | D:1      | Reached XP level 3. HP: 31/31 MP: 3/3
   988 | D:2      | Found a snail-covered altar of Cheibriados.
  1003 | D:2      | Became a worshipper of Cheibriados the Contemplative
  1091 | D:2      | Found a blossoming altar of Fedhas.
  1196 | D:2      | Reached XP level 4. HP: 23/39 MP: 4/4
  1536 | D:3      | Reached * piety under Cheibriados
  1589 | D:3      | Found a sparkling altar of Nemelex Xobeh.
  1751 | D:3      | Reached skill level 4 in Fighting
  2163 | D:4      | Noticed an ogre
  2167 | D:4      | Killed an ogre
  2167 | D:4      | Reached XP level 5. HP: 47/47 MP: 5/5
  2176 | D:4      | Reached ** piety under Cheibriados
  2352 | D:4      | Noticed an ogre
  2359 | D:4      | Killed an ogre
  2359 | D:4      | Reached XP level 6. HP: 36/55 MP: 6/6
  2489 | D:4      | Reached skill level 5 in Fighting
  2489 | D:4      | Reached skill level 5 in Polearms
  2791 | D:4      | Found a glowing golden altar of the Shining One.
  2948 | D:5      | Entered Level 5 of the Dungeon
  2956 | D:5      | Noticed Eustachio
  2968 | D:5      | Killed Eustachio
  3074 | D:5      | Found Elalekul's Antique Weapon Shoppe.
  3117 | D:5      | Your scales start taking on a golden yellow colour.
  3117 | D:5      | Reached XP level 7. HP: 62/62 MP: 7/7
  3203 | D:5      | Reached skill level 6 in Fighting
  3206 | D:5      | Found a radiant altar of Vehumet.
  3264 | D:5      | Found a shadowy altar of Dithmenos.
  3438 | D:5      | Reached *** piety under Cheibriados
  3641 | D:5      | Reached XP level 8. HP: 60/71 MP: 8/8
  3655 | D:5      | Reached skill level 7 in Fighting
  3669 | D:5      | Reached **** piety under Cheibriados
  4349 | D:5      | Reached ***** piety under Cheibriados
  4746 | D:6      | Found a staircase to the Ecumenical Temple.
  4800 | D:6      | Found an iron altar of Okawaru.
  4990 | D:6      | Found a hide-covered altar of Uskayaw.
  5117 | D:6      | Found a bloodstained altar of Trog.
  5127 | D:6      | Reached skill level 8 in Fighting
  5127 | D:6      | Reached skill level 5 in Dodging
  5295 | D:7      | Got a scintillating lead ring
  5309 | D:7      | Identified the ring "Qufam" {rPois rC+} (You found it on level 7 of the Dungeon)
  5721 | D:7      | Reached XP level 9. HP: 50/82 MP: 9/9
  5730 | D:7      | Reached skill level 1 in Shields
  5995 | D:7      | Noticed Prince Ribbit
  6003 | D:7      | Killed Prince Ribbit
  6060 | D:7      | Found a shattered altar of Ashenzari.
  6241 | D:7      | Paralysed by fainting for 5 turns
  6260 | D:7      | Reached skill level 9 in Fighting
  7367 | D:8      | Noticed a komodo dragon
  7390 | D:8      | Killed a komodo dragon
  7405 | D:8      | Reached XP level 10. HP: 39/92 MP: 1/10
  8013 | D:8      | Reached skill level 10 in Fighting
  8075 | D:8      | Found a staircase to the Lair.
  8075 | D:8      | Noticed Joseph
  8643 | D:8      | Killed Joseph
  8643 | D:8      | Reached skill level 5 in Shields
  8890 | D:9      | Noticed a cyclops
  8916 | D:9      | Killed a cyclops
  9738 | D:9      | Reached skill level 10 in Polearms
  9868 | D:10     | Entered Level 10 of the Dungeon
  9868 | D:10     | Noticed a hill giant
  9878 | D:10     | Killed a hill giant
  9878 | D:10     | Reached XP level 11. HP: 72/101 MP: 11/11
 10436 | D:10     | Reached skill level 11 in Fighting
 10875 | D:10     | Reached ****** piety under Cheibriados
 10967 | D:10     | Found a staircase to the Orcish Mines.
 11340 | D:11     | Noticed Ylmarch's ghost (journeyman DsNe)
 11571 | D:11     | Noticed a white ugly thing
 11583 | D:11     | Killed a white ugly thing
 11833 | Lair:1   | Entered Level 1 of the Lair of Beasts
 12216 | Lair:1   | Noticed a seven-headed hydra
 12217 | Lair:1   | Found an opulent altar of Gozag.
 12224 | Lair:1   | Killed a seven-headed hydra
 12973 | Lair:2   | Noticed a four-headed hydra
 13001 | Lair:2   | Killed a four-headed hydra
 13032 | Lair:2   | Found a labyrinth entrance.
 13062 | Lab      | Entered a labyrinth
 13451 | Lab      | Reached skill level 12 in Fighting
 13451 | Lab      | Reached XP level 12. HP: 84/112 MP: 12/12
 13834 | Lab      | Noticed a minotaur
 13841 | Lab      | Killed a minotaur
 13842 | Lab      | Got a bloodstained mace
 13842 | Lab      | Got a twitching copper ring
 13847 | Lab      | Identified the ring "Ugoi" {rF+ MR+} (You found it in a labyrinth)
 13889 | Lair:2   | Identified a +5 rod of ignition (14/14) (You found it in a labyrinth)
 14401 | Lair:2   | Found a staircase to the Snake Pit.
 14515 | Lair:2   | Got an ichor-stained war axe
 14516 | Lair:2   | Identified the +8 war axe of Hucav {freeze, Int+6} (You found it on level 2 of the Lair of Beasts)
 14666 | Lair:2   | Reached skill level 1 in Axes
 14772 | Lair:2   | Noticed Harold
 14784 | Lair:2   | Killed Harold
 15510 | Lair:3   | Reached skill level 13 in Fighting
 16311 | Lair:4   | Found a staircase to the Swamp.
 16414 | Lair:4   | Noticed a seven-headed hydra
 16419 | Lair:4   | Killed a ten-headed hydra
 16419 | Lair:4   | Reached skill level 5 in Axes
 16798 | Lair:4   | Reached XP level 13. HP: 109/122 MP: 13/13
 18329 | Lair:5   | Slain by a 13-headed hydra

Vault maps used:
D:1:      evilmike_arrival_plus
D:2:      tgw_fedhas, cheibriados_altar_1, nrook_mini_backslash,
          minmay_misc_feat_four_crosses
D:3:      nemelex_xobeh_ov_fountains_minmay
D:4:      tso_oasis_becter, first_bread
D:5:      minmay_goblin_kobold_castle, vehumet_crystals, marbit_many_paths,
          serial_shops, nicolae_shop_statue_plus, uniq_eustachio
D:6:      trog_ov_bears_minmay, nicolae_overflow_crystal_walls,
          okawaru_altar_gauntlet_db
D:7:      kennysheep_mini, grunt_livestock, uniq_prince_ribbit1
D:8:      erik_lair_dragon, hangedman_decor_opposing, uniq_joseph
D:10:     erik_orc_1
D:11:     serial_shops, shop_statue
Lair:1:   basic_altar
Lair:2:   minmay_snake_entry_guardpost_medium, lab_entry_generic,
          bh_autumn_forest_stairs, grunt_megastairs_3, uniq_harold
Lair:3:   beast_lair_carwin_large_4, lemuel_fruit_tree, serial_bayou_shore_a
Lair:4:   swamp_mist, columned_hall_lemuel, wad_woods_road_05
Lair:5:   minmay_slime_entry_oklob_enclosed, lemuel_fruit_fields,
          lemuel_fruit_fields, lemuel_fruit_fields
Lab:      labyrinth_hidden_loot, nicolae_lab_grate, labyrinth_skeletal_remains,
          nicolae_lab_checkerboard, lab_block, labyrinth_fake_exit,
          labyrinth_glass_1

Skill      XL: |  1  2  3  4  5  6  7  8  9 10 11 12 13 |
---------------+----------------------------------------+-----
Fighting       | 3 4 5 6 8 9 10 12 13 | 13.7
Dodging        | 3 4 5 6 7 9 |  9.7
Polearms       | 4 5 6 8 9 10 11 | 11.5
Shields        | 4 6 8 9 |  9.7
Axes           | 5 6 |  6.3
Throwing       | |  1.7

Action                   |  1- 3 |  4- 6 |  7- 9 | 10-12 | 13-15 || total
-------------------------+-------+-------+-------+-------+-------++-------
Melee: Trident           |   132 |   137 |   479 |    41 |       ||   789
       Tailslap          |    11 |    21 |   111 |   280 |    17 ||   440
       Spear             |       |       |       |   791 |       ||   791
       War axe           |       |       |       |   170 |    83 ||   253
Throw: Throwing net      |       |       |     2 |       |       ||     2
 Abil: Spit Acid         |       |       |     6 |     7 |       ||    13
Evoke: Wand              |       |       |       |     5 |       ||     5
       Rod               |       |       |       |       |     5 ||     5
  Use: Scroll            |       |       |       |    24 |     1 ||    25
       Potion            |       |       |       |     4 |       ||     4
 Stab: Sleeping          |     1 |     4 |    10 |    12 |     3 ||    30
       Held in net/web   |       |       |     2 |       |       ||     2
       Distracted        |       |       |       |     5 |       ||     5
       Confused          |       |       |       |     1 |       ||     1
  Eat: Chunk             |     1 |     1 |       |     2 |       ||     4
       Bread ration      |       |     1 |     2 |     4 |     1 ||     8
Armor: Skin              |    30 |    19 |    66 |   102 |    20 ||   237
Dodge: Dodged            |   102 |    92 |   364 |   635 |   100 ||  1293
Block: Buckler           |       |       |    35 |   298 |    33 ||   366
       Shield            |       |       |       |    60 |    52 ||   112
